AoeStats
← Fat Mike

Lombardia

507110623Analyzed
4v4 RM · 16d ago on Sep 16, 2026· 47m 35s· 8 players
Game mode
Random Map
Map size
Large (8 player)
Population
200
Speed
Normal
Resources
Standard
Victory
Conquest
Starting age
Dark Age
Ending age
Imperial Age
RankedLock teamsTeams togetherTeam positionsShared explorationLock speedFull tech treeHidden civsTurbo modeCheats
Victory
Defeat
🇮🇳 Magyars · India
1230
+12
🇮🇳 Ethiopians · India
1188
+13
🇮🇳 Sicilians · India
1153
+15
🇮🇳 Shu · India
1050
+19
🇨🇴 Romans · Colombia
1137
-15
🇨🇳 Celts · China
1133
-15
🇬🇧 Huns · United Kingdom
1127
-15
🇫🇷 Vietnamese · France
1101
-14
Fat Mike
8:31 Loom
10:56 Feudal Age
12:25 Horse Collar
12:34 Double-Bit Axe
21:16 Castle Age
25:44 Fletching
27:16 Wheelbarrow
27:16 Bodkin Arrow
28:19 Padded Archer Armor
32:48 Leather Archer Armor
34:06 Bloodlines
33:56 Husbandry
39:22 Imperial Age
37:45 Bow Saw
37:47 Thumb Ring
41:14 Parthian Tactics
40:51 Capped Ram
42:04 Conscription
43:44 Hand Cart
Malouda
6:51 Loom
10:49 Feudal Age
11:43 Horse Collar
11:50 Double-Bit Axe
14:44 Wheelbarrow
22:08 Castle Age
22:24 Gold Mining
25:35 Crossbowman
27:10 Padded Archer Armor
27:03 Fletching
28:06 Bow Saw
27:59 Heavy Plow
29:36 Town Watch
34:56 Thumb Ring
35:26 Bodkin Arrow
35:35 Padded Archer Armor
36:47 Ballistics
38:59 Imperial Age
38:09 Leather Archer Armor
40:16 Crop Rotation
41:13 Hand Cart
42:15 Chemistry
41:18 Arbalester
42:12 Bracer
42:42 Ring Archer Armor
Chuterr
1:21 Loom
12:19 Feudal Age
13:00 Double-Bit Axe
15:55 Horse Collar
23:19 Wheelbarrow
22:46 Man-at-Arms
24:38 Padded Archer Armor
24:29 Fletching
24:40 Scale Mail Armor
26:47 Gold Mining
27:08 Forging
31:44 Castle Age
32:10 Elite Skirmisher
34:02 Bodkin Arrow
34:23 Leather Archer Armor
34:29 Hand Cart
36:27 Leather Archer Armor
40:35 Ballistics
40:20 Town Watch
41:26 Long Swordsman
42:07 Squires
43:16 Town Patrol
44:53 Pikeman
美团外卖总教练
5:50 Loom
11:12 Feudal Age
12:35 Wheelbarrow
11:48 Double-Bit Axe
12:13 Horse Collar
20:14 Castle Age
20:00 Town Watch
21:37 Bow Saw
21:30 Heavy Plow
22:38 Hand Cart
27:14 Stone Mining
27:15 Gold Mining
34:50 Fletching
40:14 Pikeman
40:56 Scale Mail Armor
41:07 Forging
40:52 Bodkin Arrow
42:33 Chain Mail Armor
44:02 Bodkin Arrow
bamboe
9:59 Feudal Age
16:18 Castle Age
14:43 Gold Mining
14:40 Double-Bit Axe
21:02 Scale Mail Armor
22:58 Stone Mining
23:20 Bow Saw
25:57 Wheelbarrow
32:17 Imperial Age
30:05 Hand Cart
29:39 Loom
32:14 Horse Collar
32:40 Elite Serjeant
33:40 Chain Mail Armor
33:36 Forging
33:55 Heavy Plow
34:22 Conscription
36:12 Iron Casting
38:48 Plate Mail Armor
39:18 Blast Furnace
38:49 Squires
38:40 Arson
40:51 First Crusade
Aaaaaaah Do
6:48 Loom
9:41 Feudal Age
22:18 Castle Age
20:08 Double-Bit Axe
20:18 Horse Collar
25:58 Bow Saw
25:52 Heavy Plow
26:19 Gold Mining
26:19 Stone Mining
26:30 Light Cavalry
27:21 Bloodlines
27:11 Husbandry
27:24 Husbandry
29:01 Wheelbarrow
30:23 Hand Cart
35:00 Imperial Age
34:08 Corvinian Army
35:46 Scale Barding Armor
35:40 Elite Magyar Huszar
36:53 Town Watch
36:51 Treadmill Crane
37:50 Conscription
37:34 Recurve Bow
38:26 Chain Barding Armor
39:21 Town Patrol
40:03 Plate Barding Armor
olais
8:08 Loom
10:29 Feudal Age
11:02 Double-Bit Axe
11:00 Horse Collar
21:12 Castle Age
20:26 Gold Mining
20:35 Fletching
20:46 Padded Archer Armor
21:31 Crossbowman
22:21 Thumb Ring
22:13 Bodkin Arrow
22:33 Leather Archer Armor
22:35 Bow Saw
25:14 Ballistics
27:53 Gold Shaft Mining
28:29 Heavy Plow
28:22 Stone Mining
35:06 Imperial Age
35:27 Wheelbarrow
34:39 Town Watch
35:02 Scale Mail Armor
35:12 Forging
36:56 Two-Man Saw
36:14 Arbalester
37:58 Chemistry
36:59 Bracer
37:30 Ring Archer Armor
38:44 Hand Cart
38:29 Town Patrol
39:41 Bolt Magazine
40:20 Conscription
40:08 Squires
40:25 Chain Mail Armor
39:42 Elite White Feather Guard
Lurker
8:06 Loom
9:53 Feudal Age
12:02 Double-Bit Axe
19:45 Castle Age
20:29 Crossbowman
26:13 Bow Saw
28:23 Fletching
28:59 Horse Collar
30:10 Bodkin Arrow
30:16 Padded Archer Armor
31:33 Wheelbarrow
34:05 Hand Cart
37:45 Imperial Age
38:30 Leather Archer Armor
37:52 Arbalester
38:58 Bracer
39:24 Gold Mining
43:11 Two-Man Saw
42:51 Gold Shaft Mining
43:21 Thumb Ring
44:02 Conscription
43:57 Town Watch
45:21 Chemistry
44:42 Ballistics
45:24 Stone Mining
47:38 Town Patrol
48:17 Ring Archer Armor
Connection lost

Rejoining the realm…

Still unreachable

The connection could not be restored.

Session expired

The server has moved on; the page needs a fresh start.